 Dungeon Crawl Stone Soup version 0.28.0-53-g5a82cb258f (webtiles) character file.

Game seed: 5576050852825374777

4511 Atelerd the Blocker (level 10, -4/136 HPs)
             Began as a Minotaur Chaos Knight on July 17, 2022.
             Was a Plaything of Xom.
             Slain by a troll (8 damage)
             ... on level 9 of the Dungeon.
             The game lasted 00:10:17 (7227 turns).

Atelerd the Blocker (Minotaur Chaos Knight)         Turns: 7227, Time: 00:10:18

Health: -4/136     AC:  6    Str: 24    XL:     10   Next: 16%
Magic:  9/10       EV: 14    Int:  9    God:    Xom [*.....]
Gold:   205        SH:  0    Dex: 14    Spells: 11/11 levels left

rFire   . . .      SeeInvis .   F - +10 morningstar of the Devouring Bear {flame, rElec rC+ Dex+3}
rCold   + + .      Faith    .   c - orb {light}
rNeg    . . .      Spirit   .   b - +2 leather armour
rPois   .          Reflect  .   (helmet restricted)
rElec   +          Harm     .   t - +0 cloak
rCorr   .          Rampage  .   (no gloves)
Will    ++...                   (no boots)
Stlth   ..........              (no amulet)
HPRegen 0.32/turn               j - ring of willpower
MPRegen 0.12/turn               K - +6 ring of strength

@: berserking (expiring), glowing, studying Spellcasting, unable to read, very
quick
A: horns 2, retaliatory headbutt, cold resistance 1, deformed body,
strong-willed 1, weak 1, wild magic 1, inability to read while threatened
a: Renounce Religion


You were on level 9 of the Dungeon.
You worshipped Xom.
You were a special plaything of Xom.
You visited 1 branch of the dungeon, and saw 9 of its levels.

You collected 1188 gold pieces.
You spent 983 gold pieces at shops.

Inventory:

Hand Weapons
 a - a +0 hand axe of chaos
 i - the +8 whip of Purpose {spect, rF- Str-4 Int+7 Dex+4}
   (You found it on level 2 of the Dungeon)

   When its wielder attacks, the weapon's spirit leaps out and strikes again.
   The spirit shares a part of any damage it takes with its wielder.
   Str:       It affects your strength (-4).
   Int:       It affects your intelligence (+7).
   Dex:       It affects your dexterity (+4).
   rF:        It makes you vulnerable to fire.
 l - a +2 mace of protection
 D - a +0 arbalest of freezing
 E - the +8 long sword "Eciam" {vorpal, *Corrode rPois rN+}
   (You bought it in a shop on level 5 of the Dungeon)

   It inflicts extra damage upon your enemies.
   rPois:     It protects you from poison.
   rN:        It protects you from negative energy.
   *Corrode:  It may corrode you when you take damage.
 F - the +10 morningstar of the Devouring Bear (weapon) {flame, rElec rC+ Dex+3}
   (You bought it in a shop on level 5 of the Dungeon)

   It burns those it strikes, dealing additional fire damage.
   Dex:       It affects your dexterity (+3).
   rC:        It protects you from cold.
   rElec:     It insulates you from electricity.
Missiles
 q - a throwing net (quivered)
Armour
 b - a +2 leather armour (worn)
 c - an orb of light (worn)
 m - a +0 tower shield
 t - a +0 cloak (worn)
Jewellery
 h - a ring of positive energy
 j - a ring of willpower (left hand)
 G - a ring of fire
 H - a ring of resist corrosion
 K - a +6 ring of strength (right hand)
 M - an amulet of magic regeneration
Wands
 o - a wand of flame (18)
 p - a wand of acid (25)
 x - a wand of digging (9)
 C - a wand of mindburst (16)
Scrolls
 d - a scroll of enchant armour {unknown}
 e - a scroll of noise
 k - a scroll of brand weapon
 v - a scroll of fear
 w - 2 scrolls of amnesia
 y - 2 scrolls of teleportation
 J - 3 scrolls of identify
 L - a scroll of enchant weapon {unknown}
 N - a scroll of fog {unknown}
Potions
 f - 5 potions of heal wounds
 g - a potion of mutation {unknown}
 n - 4 potions of might
 r - 2 potions of curing
 u - a potion of magic {unknown}
 z - 2 potions of invisibility
 A - a potion of berserk rage
 B - 2 potions of attraction {unknown}
 I - a potion of flight {unknown}


   Skills:
 + Level 9.1 Fighting
 - Level 5.0 Axes
 + Level 8.7 Armour
 - Level 6.2 Dodging
 * Level 10.6 Shields
 + Level 1.1 Spellcasting


You had 11 spell levels left.
You didn't know any spells.
Your spell library contained the following spells:

 Spells                   Type           Power      Damage    Failure   Level
 Pain                     Necr           0%         1d4       47%         1
 Summon Small Mammal      Summ           0%         N/A       47%         1
 Corpse Rot               Necr/Air       0%         N/A       61%         2
 Call Canine Familiar     Summ           0%         N/A       83%         3
 Gell's Gravitas          Tloc           0%         N/A       83%         3
 Lesser Beckoning         Tloc           0%         N/A       83%         3
 Summon Guardian Golem    Hex/Summ       0%         N/A       83%         3
 Teleport Other           Tloc           0%         N/A       83%         3
 Tukima's Dance           Hex            0%         N/A       83%         3
 Anguish                  Hex/Necr       0%         N/A       99%         4
 Dispel Undead            Necr           0%         3d6       99%         4
 Agony                    Necr           0%         N/A       100%        5
 Excruciating Wounds      Necr           0%         N/A       100%        5
 Death Channel            Necr           0%         N/A       100%        6
 Enfeeble                 Hex            0%         N/A       100%        7
 Chain Lightning          Conj/Air       0%         N/A       100%        9
 Fire Storm               Conj/Fire      0%         5d1       100%        9
 Shatter                  Erth           0%         3d5*      100%        9


Dungeon Overview and Level Annotations

Branches:
Dungeon (9/15)             Temple (0/1) D:4            Lair (0/6) D:9
    Orc: D:9-12

Altars:
Cheibriados
Fedhas
Kikubaaqudgha
Nemelex Xobeh
Xom
Zin

Shops:
D:5 (

Annotations:
D:8 2 transporters


Innate Abilities, Weirdness & Mutations

You have a pair of horns on your head.
You reflexively headbutt those who attack you in melee.
Your flesh is cold resistant. (rC+)
Armour fits poorly on your strangely shaped body.
You are strong-willed. (Will+)
You are weak. (Str -2)
Your spells are a little harder to cast, but a little more powerful.
You sometimes lose the ability to read scrolls when taking damage.


Message History

You puncture the black bear! You burn the black bear.
The black bear is heavily wounded.
The black bear closely misses you. x2; The black bear barely misses you.
You impale the black bear!! You burn the black bear.
You kill the black bear!
A troll comes into view.
Your Spellcasting skill increases to level 1!
You hit the orc wizard. You burn the orc wizard.
The orc wizard is heavily wounded.
The orc wizard hits you but does no damage.
You barely miss the orc wizard.
The orc wizard is heavily wounded.
The orc barely misses you. The orc wizard barely misses you.
You furiously retaliate!
You headbutt the orc wizard. You impale the troll!! You burn the troll!
The troll is severely wounded.
You can read scrolls again.
The troll barely misses you. You furiously retaliate!
You headbutt the troll. The troll closely misses you.
The troll claws you but does no damage. The orc closely misses you.
The orc wizard hits you but does no damage.
You barely miss the troll.
The troll is almost dead.
The troll bites you!
You feel threatened and lose the ability to read scrolls!
* * * LOW HITPOINT WARNING * * *
The troll closely misses you. The troll claws you.
* * * LOW HITPOINT WARNING * * *
The orc hits you from afar with a +0 trident.
* * * LOW HITPOINT WARNING * * *
The orc wizard hits you but does no damage.
You puncture the orc wizard! You burn the orc wizard.
You kill the orc wizard! "This is how I like it!"
You swap places with the yak.
Some monsters swap places.
The troll looks rather confused.
The troll bites you.
* * * LOW HITPOINT WARNING * * *
The troll misses you. The troll claws you!
You die...
Xom titters!

.... ##...# #.....#
.).?... .....o.##
........########
.........T......
...>....@o#
.......o#)#
........#Y#
.....P(##P#
.......##.############
#.^...##..............
##...# #......########
...# #####..# #..#


You could see a yak, a troll (confused) and 3 orcs.

Vanquished Creatures
  3 centaur zombies
  Grinder (D:3)
  Sigmund (D:3)
  A wyvern (D:9)
  A basilisk (D:9)
  A steam dragon (D:1)
  4 water moccasins
  Duvessa (D:4)
  3 ice beasts
  A sky beast (D:5)
  A black bear (D:9)
  4 ogres
  An orc warrior (D:8)
  2 phantoms (D:5)
  2 centaurs
  A kobold brigand (D:6)
  A bullfrog (D:8)
  A scorpion (D:5)
  A gnoll sergeant (D:7)
  A wyvern zombie (D:8)
  A wyvern skeleton (D:6)
  Dowan (D:4)
  6 killer bees (D:8)
  A howler monkey (D:4)
  A jelly (D:8)
  A hound (D:5)
  4 orc priests
  2 bullfrog skeletons
  Crazy Yiuf (D:3)
  A centaur skeleton (D:4)
  An iron imp (D:5)
  Ijyb (D:3)
  Jessica (D:3)
  4 orc wizards
  5 iguanas
  Natasha (twice) (D:4)
  A howler monkey zombie (D:5)
  7 adders
  7 gnolls
  2 adder skeletons (D:4)
  A worm (D:4)
  2 dart slugs
  26 orcs
  5 endoplasms
  3 giant cockroaches
  13 hobgoblins
  8 ball pythons
  7 bats
  5 frilled lizards
  10 goblins
  10 kobolds
  4 rats
176 creatures vanquished.

Notes
Turn   | Place    | Note
-------+----------+-------------------------------------------
     0 | D:1      | Atelerd the Minotaur Chaos Knight began the quest for the
                  | Orb.
     0 | D:1      | Reached XP level 1. HP: 19/19 MP: 0/0
    96 | D:1      | XOM: silly message
   137 | D:1      | Reached XP level 2. HP: 27/27 MP: 1/1
   172 | D:1      | Noticed a killer bee
   172 | D:1      | a bat changed into a killer bee
   173 | D:1      | Noticed a steam dragon
   173 | D:1      | a killer bee changed into a steam dragon
   176 | D:1      | Killed a steam dragon
   177 | D:1      | Reached XP level 3. HP: 11/34 MP: 2/2
   177 | D:1      | Reached XP level 4. HP: 13/41 MP: 3/3
   177 | D:1      | Reached XP level 5. HP: 15/47 MP: 4/4
   305 | D:1      | XOM: silly message
   473 | D:1      | XOM: silly message
   572 | D:1      | XOM: potion effect (brilliance)
   744 | D:1      | XOM: potion effect (might)
   862 | D:1      | XOM: silly message
  1081 | D:2      | Identified the +8 whip of Purpose {spect, rF- Str-4 Int+7
                  | Dex+4}
  1410 | D:2      | XOM: silly message
  1412 | D:2      | XOM: silly message
  1472 | D:2      | XOM: silly message
  1491 | D:3      | Noticed Jessica
  1495 | D:3      | Killed Jessica
  1496 | D:3      | Reached skill level 5 in Fighting
  1496 | D:3      | Reached skill level 5 in Axes
  1582 | D:3      | XOM: scenery: 3 doors open, 1 doors close
  1618 | D:3      | XOM: give mutations
  1618 | D:3      | Gained mutation: Your body sometimes deteriorates upon
                  | taking damage. [Xom's mischief]
  1618 | D:3      | Gained mutation: Armour fits poorly on your strangely
                  | shaped body. [Xom's mischief]
  1618 | D:3      | Gained mutation: Your spells are a little harder to cast,
                  | but a little more powerful. [Xom's mischief]
  1618 | D:3      | Gained mutation: You are dopey. (Int -2) [Xom's mischief]
  1641 | D:3      | Found a faded altar of an unknown god.
  1645 | D:3      | Noticed Grinder
  1651 | D:3      | XOM: enchant monster (good)
  1653 | D:3      | Killed Grinder
  1654 | D:3      | Reached skill level 2 in Shields
  1654 | D:3      | Reached XP level 6. HP: 56/56 MP: 5/5
  1700 | D:3      | XOM: god gift: 714 gold pieces
  1711 | D:3      | Noticed Ijyb
  1719 | D:3      | Killed Ijyb
  1842 | D:3      | Noticed Sigmund
  1843 | D:3      | XOM: enchant monster (good)
  1864 | D:3      | Killed Sigmund
  1865 | D:3      | Reached skill level 5 in Armour
  1865 | D:3      | Reached skill level 3 in Shields
  1865 | D:3      | Reached XP level 7. HP: 59/62 MP: 6/6
  1975 | D:3      | Found a runed translucent door.
  1976 | D:3      | Noticed Crazy Yiuf
  2021 | D:3      | XOM: give mutations
  2021 | D:3      | Gained mutation: Your muscles are strong. (Str +2) [Xom's
                  | grace]
  2021 | D:3      | Gained mutation: Your flesh is cold resistant. (rC+) [Xom's
                  | grace]
  2021 | D:3      | Gained mutation: You are strong-willed. (Will+) [Xom's
                  | grace]
  2021 | D:3      | Gained mutation: Your flesh is very cold resistant. (rC++)
                  | [Xom's grace]
  2042 | D:3      | XOM: god gift: 28 gold pieces
  2078 | D:3      | XOM: noise
  2099 | D:3      | Killed Crazy Yiuf
  2335 | D:3      | XOM: give mutations
  2335 | D:3      | Gained mutation: You expend magic power (3 MP) to
                  | strengthen your wands. [Xom's grace]
  2335 | D:3      | Gained mutation: Your spells are harder to cast, but more
                  | powerful. [Xom's grace]
  2335 | D:3      | Lost mutation: You are dopey. (Int -2) [Xom's grace]
  2386 | D:4      | Reached skill level 4 in Shields
  2437 | D:4      | XOM: polymorph endoplasm -> kobold
  2474 | D:4      | XOM: enchant monster (good)
  2708 | D:4      | Noticed Natasha
  2711 | D:4      | Killed Natasha
  2734 | D:4      | Found Ripry's Distillery.
  2737 | D:4      | Bought 2 potions of heal wounds for 140 gold pieces
  2737 | D:4      | Bought a potion of might for 56 gold pieces
  2737 | D:4      | Bought a potion of invisibility for 112 gold pieces
  2737 | D:4      | Bought a potion of might for 56 gold pieces
  2737 | D:4      | Bought a potion of berserk rage for 70 gold pieces
  2737 | D:4      | Bought a potion of curing for 42 gold pieces
  2737 | D:4      | Bought a potion of berserk rage for 70 gold pieces
  2798 | D:4      | Found a staircase to the Ecumenical Temple.
  2845 | D:4      | Noticed Natasha
  2851 | D:4      | Killed Natasha
  2910 | D:4      | XOM: god gift: 51 gold pieces
  2942 | D:4      | Noticed Duvessa
  2942 | D:4      | Noticed Dowan
  2946 | D:4      | Reached skill level 5 in Shields
  2946 | D:4      | Reached XP level 8. HP: 70/70 MP: 7/7
  2947 | D:4      | XOM: chaos upgrade
  2950 | D:4      | Killed Dowan
  2950 | D:4      | XOM: scenery: create altars
  2953 | D:4      | Killed Duvessa
  3175 | D:4      | XOM: god gift: potion of curing
  3234 | D:5      | Entered Level 5 of the Dungeon
  3285 | D:5      | Reached skill level 5 in Dodging
  3371 | D:5      | Identified the +9 short sword of the Vestibule of Hell
                  | {vorpal, rPois Str+4 Dex+2}
  3408 | D:5      | Reached skill level 6 in Shields
  3426 | D:5      | Found a blossoming altar of Fedhas.
  3488 | D:5      | Found a snail-covered altar of Cheibriados.
  3539 | D:5      | XOM: 6-stop teleportation journey
  3543 | D:5      | XOM: polymorph hound -> gnoll
  3544 | D:5      | XOM: enchant monster (bad)
  3750 | D:5      | Found Fazxaus's Antique Weapon Boutique.
  3759 | D:5      | Bought an iridescent long sword for 212 gold pieces
  3759 | D:5      | Identified the +8 long sword "Eciam" {vorpal, *Corrode
                  | rPois rN+} (You bought it in a shop on level 5 of the
                  | Dungeon)
  3759 | D:5      | Bought a translucent morningstar for 225 gold pieces
  3759 | D:5      | Identified the +10 morningstar of the Devouring Bear
                  | {flame, rElec rC+ Dex+3} (You bought it in a shop on level
                  | 5 of the Dungeon)
  3777 | D:5      | Reached skill level 7 in Shields
  4139 | D:5      | XOM: god gift: club {god gift}
  4282 | D:6      | XOM is BORED!
  4282 | D:6      | XOM: give mutation
  4282 | D:6      | Lost mutation: You expend magic power (3 MP) to strengthen
                  | your wands. [Xom's mischief]
  4360 | D:6      | Reached XP level 9. HP: 79/79 MP: 8/8
  4459 | D:6      | Reached skill level 8 in Shields
  4738 | D:6      | XOM: god gift: 17 gold pieces
  4902 | D:6      | Found a sparkling altar of Nemelex Xobeh.
  5072 | D:6      | XOM: noise
  5662 | D:7      | XOM: give mutations
  5662 | D:7      | Lost mutation: Your muscles are strong. (Str +2) [Xom's
                  | mischief]
  5662 | D:7      | Gained mutation: Your body often deteriorates upon taking
                  | damage. [Xom's mischief]
  6128 | D:7      | Reached skill level 9 in Shields
  6393 | D:7      | Found an ancient bone altar of Kikubaaqudgha.
  6393 | D:7      | Found a glowing silver altar of Zin.
  6443 | D:8      | XOM: noise
  6482 | D:8      | Reached skill level 10 in Shields
  6482 | D:8      | XOM: give mutations
  6482 | D:8      | Lost mutation: Your spells are harder to cast, but more
                  | powerful. [Xom's mischief]
  6482 | D:8      | Gained mutation: You are clumsy. (Dex -2) [Xom's mischief]
  6482 | D:8      | Gained mutation: You are weak. (Str -2) [Xom's mischief]
  6482 | D:8      | Lost mutation: Your flesh is very cold resistant. (rC++)
                  | [Xom's mischief]
  6569 | D:8      | XOM: summons friendly shadow imp
  6570 | D:8      | XOM: enchant monster (good)
  6624 | D:8      | Reached XP level 10. HP: 67/90 MP: 9/9
  6759 | D:8      | Found a transporter.
  6917 | D:8      | XOM: 2-stop teleportation journey
  7033 | D:8      | Found a transporter.
  7058 | D:8      | Identified a scroll of acquirement
  7058 | D:8      | Acquired a manual of Spellcasting
  7070 | D:8      | XOM is BORED!
  7070 | D:8      | XOM: give mutations
  7070 | D:8      | Gained mutation: You sometimes lose the ability to read
                  | scrolls when taking damage. [Xom's mischief]
  7070 | D:8      | Gained mutation: You occasionally shout uncontrollably at
                  | your foes. [Xom's mischief]
  7070 | D:8      | Gained mutation: You are dopey. (Int -2) [Xom's mischief]
  7070 | D:8      | Lost mutation: Your body often deteriorates upon taking
                  | damage. [Xom's mischief]
  7120 | D:8      | XOM: give mutations
  7120 | D:8      | Lost mutation: You are clumsy. (Dex -2) [Xom's mischief]
  7120 | D:8      | Lost mutation: Your body sometimes deteriorates upon taking
                  | damage. [Xom's mischief]
  7120 | D:8      | Lost mutation: You are dopey. (Int -2) [Xom's mischief]
  7120 | D:8      | Lost mutation: You occasionally shout uncontrollably at
                  | your foes. [Xom's mischief]
  7209 | D:9      | Found a staircase to the Lair.
  7209 | D:9      | XOM: noise
  7223 | D:9      | Reached skill level 1 in Spellcasting
  7227 | D:9      | XOM: swap monsters
  7227 | D:9      | HP: 4/136 [troll (4)]
  7227 | D:9      | Slain by a troll

Illustrated notes

Levels and vault maps discovered:
D:1:      shiori_arrival_maze, layout_loops_ring, minmay_hexomino_f4
D:2:      minmay_skewed_foursquare, layout_basic
D:3:      corexii_shack_village, layout_loops_ring,
          shapermc_ecumenical_altar_pompeii, st_stairs_3, uniq_jessica,
          uniq_sigmund, uniq_grinder, uniq_crazy_yiuf_cottage, uniq_ijyb
D:4:      layout_rooms, minmay_temple_entry_grid, serial_shops,
          kennysheep_mini_moat, uniq_natasha, uniq_duvessa
D:5:      layout_basic, slow_altar_1, old_standard_altar, serial_shops, shop
D:6:      layout_loops_ring, mainiacjoe_overflow_chevrons
D:7:      layout_gridville, amethyst_overflow_temple_binary
D:8:      gammafunk_cloud_chamber, layout_basic, minmay_misc_feat_doors
D:9:      kennysheep_housing_project, layout_long_grid, david_lair_generic

Skill      XL: |  1  2  3  4  5  6  7  8  9 10 |
---------------+-------------------------------+-----
Fighting       | 4 5 6 7 8 9 |  9.1
Axes           | 4 5 |  5.0
Armour         | 3 4 5 6 8 |  8.7
Dodging        | 2 3 4 5 6 |  6.2
Shields        | 2 3 5 7 10 | 10.6
Spellcasting   | 1 |  1.1

Action                   |  1- 3 |  4- 6 |  7- 9 | 10-12 || total
-------------------------+-------+-------+-------+-------++-------
Melee: Hand axe          |    19 |    29 |       |       ||    48
       Headbutt          |     1 |    12 |    39 |     4 ||    56
       Whip              |       |    46 |    87 |       ||   133
       Morningstar       |       |       |    89 |    30 ||   119
  Use: Scroll            |       |       |     5 |     1 ||     6
       Potion            |       |       |     3 |     1 ||     4
 Stab: Distracted        |       |       |     1 |       ||     1
Armor: Leather armour    |     5 |    24 |    41 |    19 ||    89
Dodge: Dodged            |    10 |    46 |   132 |    51 ||   239
